omghax, neutral male scurrid Tourist }}}}}}}}}}}}}}}}}}}}}}}}}}}}}}}}}}}}}}}}}}}}}}}}}}}}}}}}}}}}}}}}} }}}}}}}}}}}}}}}}}}}}}}}}}}}}}}}}}}}}}}}}}}}}}}}}}}}}}}}}}}}}}}}} }}}}}}}}}}}......}}}}}}}}}}}}}}}}}}......}}}}}}}}}}}}..}}}}}}} -}}}}}}}}..........}}}}}}}}}}}}}}..........}}}}}}}}}....}}}}}} |}}}}}}..............}}}}}}}}.`............}}}}}}}}....}}}}}} |}}}}}...................................<..}}}}}}}}}..}}}}}} |}}}}......................................}}}}}}}}}}}}}}}}} |}}}...............%.....................%.>}}}}}}}}}}}}}}}} |}}}+...........................%...........}}}}}}}}}}}}}}}} |}}}.........a....................).........}}}}}}}}}}}}}}}} |}}}.....(..@q..............................}}}}}}}}}}}}}.}} +}}}..............................?.........}}}}}}}}}}}}}..} |}}}......................?...............%.}}}}}}}}}}}}}}}} |}}}}...........?..........................}}}}}}}}}}}}}}}}} |}}}}..................................(...}}}}}}}}}}}}}}}}} |}}}}}..%...........}}}}}}}}..............}}}}}..}}}}}}}}}}} |}}}}}}..........}}}}}}}}}}}}}}..........}}}}}}....}}}}}}}}} |}}}}}}}}......}}}}}}}}}}}}}}}}}}......}}}}}}}}}......}}}}}} omghax the Rambler Experience level: 1 Strength: 12 Dexterity: 11 Constitution: 11 Intelligence: 11 Wisdom: 7 Charisma: 23 Health: 0(9) Energy: 2(2) Def: 0 Gold: 507 Moves: 33 Dungeon seed: enetdh1vjvOj-xnI Game ID: omghax_1498613313 Your Inventory: Coins $ - 507 gold pieces Weapons a - 52 blessed +2 darts (in quiver) Armor e - an uncursed +0 Hawaiian shirt (being worn) Comestibles b - 2 uncursed tripe rations c - 2 uncursed food rations d - an uncursed tin of jackal meat f - an uncursed cram ration g - 2 uncursed chestnuts h - an uncursed orange i - an uncursed apple j - an uncursed clove of garlic Scrolls m - 4 uncursed scrolls of magic mapping Potions k - an uncursed potion of extra healing l - a blessed potion of extra healing Wands p - an uncursed wand of secret door detection (0:13) Tools n - an uncursed expensive camera (0:35) o - an uncursed credit card q - an uncursed tin opener Spells and supernatural/magical abilities: Name Level Category Fail Memory W - pray for help -- divine ? -- Your skills at the end: Miscellaneous Skills wands [Basic] Weapon Skills dart [Basic] Spellcasting Skills Final Attributes: You were devoutly aligned. You had infravision. You were very stealthy. You are dead. Voluntary challenges: You went without food. You did not adorn yourself with jewelry or accessories. You did not cause conflict. You were not invisible. You did not have reflection. You were not displaced. You were an atheist. You never hit with a wielded weapon. You were a pacifist. You did not use tools. You did not use plumbed fixtures. You did not drink any magical draughts. You were illiterate. You never genocided any monsters. You never polymorphed an object. You never changed form. You used no wishes. You never split a pudding. You never wrote Elbereth's name. You never violated your personal moral code. Dungeon overview: The Dungeons of Doom: levels 1 to 13 Level 1 a long staircase Level 2 Level 3 a sink Level 4 a long staircase Level 5 Level 6 Level 7 Level 8 Level 9 Level 10 a fountain Level 11 a fountain Level 12 a fountain Level 13 <- You were here History has recorded: On T:1 you entered the Dungeons of Doom to retrieve the Amulet of Yendor! On T:5 you reached level 2 of The Dungeons of Doom. On T:7 you reached level 3 of The Dungeons of Doom. On T:10 you reached level 4 of The Dungeons of Doom. On T:12 you reached level 5 of The Dungeons of Doom. On T:14 you reached level 6 of The Dungeons of Doom. On T:16 you reached level 7 of The Dungeons of Doom. On T:19 you reached level 8 of The Dungeons of Doom. On T:21 you reached level 9 of The Dungeons of Doom. On T:23 you reached level 10 of The Dungeons of Doom. On T:27 you reached level 11 of The Dungeons of Doom. On T:29 you reached level 12 of The Dungeons of Doom. On T:31 you reached level 13 of The Dungeons of Doom. Score breakdown: Gold: 0 ( 0 points) Experience: 1 level ( 0 points) Exploration: 13 levels ( 360 points) Discoveries: 0 items ( 0 points) Variety of kills: 0 monsters ( 0 points) Major goal: (nothing yet) ( 0 points) Survival: died (score multiplied by 3) Total score: 1080 Latest messages: You start digging downward. You continue digging downward. You dig a pit in the floor. You continue digging downward. You dig a hole through the floor. You fall through... You start digging downward. You continue digging downward. You dig a pit in the floor. You continue digging downward. You dig a hole through the floor. You fall through... You start digging downward. You continue digging downward. You dig a pit in the floor. You continue digging downward. You dig a hole through the floor. You fall through... You start digging downward. You continue digging downward. You dig a pit in the floor. The fire ant bites! You die... Final status: Aloha omghax the Tourist, killed by a fire ant... You died in The Dungeons of Doom on dungeon level 13 with 1080 points, and 507 pieces of gold, after 33 moves. You were level 1 with a maximum of 9 hit points when you died.